 Dungeon Crawl Stone Soup version 0.14.1-25-g305bacd (webtiles) character file.

95 Ales the Skirmisher (level 3, 0/33 HPs)
             Began as a Minotaur Berserker on July 6, 2014.
             Was a Believer of Trog.
             Succumbed to an adder's poison
             ... on Level 2 of the Dungeon.
             The game lasted 00:03:58 (796 turns).

Ales the Skirmisher (Minotaur Berserker)             Turns: 796, Time: 00:03:58

HP   0/33        AC  2     Str 22      XL: 3   Next: 25%
MP   2/2         EV 17     Int  6      God: Trog [**....]
Gold 57          SH  0     Dex 12      Spells:  0 memorised,  2 levels left

rFire  + . .     SeeInvis .     a - +0 hand axe
rCold  + . .     Clarity  .     b - +0 animal skin
rNeg   . . .     Conserve .     (no shield)
rPois  .         rCorr    .     (helmet restricted)
rElec  .         rRot     .     (no cloak)
SustAb . .       Spirit   .     (no gloves)
rMut   .         Warding  .     (no boots)
Gourm  +         Stasis   .     f - amulet of the gourmand
MR     .....                    (no ring)
                                e - ring of protection from fire {unknown}

@: invisible, agile, lethally poisoned, very slightly contaminated, not
resistant to hostile enchantments, fairly stealthy
A: retaliatory headbutt, horns 2, clever 1, clumsy 1, cold resistance 1
a: Burn Spellbooks, Berserk, Trog's Hand, Renounce Religion


You were on level 2 of the Dungeon.
You worshipped Trog.
Trog was pleased with you.
You were full.

You visited 1 branch of the dungeon, and saw 2 of its levels.

You collected 57 gold pieces.

Inventory:

Hand weapons
 a - a +0,+0 hand axe (weapon)
 h - a +0,+0 hand axe
Armour
 b - a +0 animal skin (worn)
 i - a +2 leather armour
Comestibles
 c - a bread ration
Jewellery
 e - a ring of protection from fire (left hand) {unknown}
 f - an amulet of the gourmand (around neck)


   Skills:
 + Level 4.3 Fighting
 + Level 4.3 Axes
 + Level 2.7 Armour
 + Level 2.4 Dodging
 + Level 0.1 Stealth


You had 2 spell levels left.
You didn't know any spells.

Dungeon Overview and Level Annotations

Branches:
Dungeon (2/15)

Altars:


Innate Abilities, Weirdness & Mutations

You reflexively headbutt those who attack you in melee.
You have a pair of horns on your head.
Your mind is acute. (Int +2)
You are clumsy. (Dex -2)
Your flesh is cold resistant.


Message History

As you read the scroll labeled HAOWISA ZUCA, it crumbles to dust.
You hear a loud clanging noise!
It was a scroll of noise.
* * * LOW HITPOINT WARNING * * *
You feel sick.
You hear a bark!
You hear a shout!
You hear a bark!
You hear a bark!
You hear a bark!
You hear a shout!
You feel a craving for the dungeon's cuisine.
f - an amulet of the gourmand (around neck)
e - a small jade ring (left hand) {tried} Eat which item? (? for menu, Esc to quit)
You continue eating.
* * * LOW HITPOINT WARNING * * *
You feel sick.
You continue eating. x2
You finish eating.
That bread ration really hit the spot!
* * * LOW HITPOINT WARNING * * *
You feel sick.
A goblin comes into view. It is wielding a club.
You die...

#..>....# #.......#
#.......# #.......#
. #####.......##..
.................
.######..<....#
...............# #
#####@......# #.
#.....<..###
####.####........#
..................##
...................#
#####...?..........#
#.####.........# #
#.........#
.g........


There were no monsters in sight!

Vanquished Creatures
  An adder (D:2)
  A giant gecko (D:1)
  4 giant cockroaches
  3 hobgoblins (D:1)
  A ball python (D:1)
  3 bats
  2 giant newts (D:1)
  4 goblins (D:1)
  5 kobolds (D:1)
  4 rats (D:1)
28 creatures vanquished.

Notes
Turn   | Place    | Note
--------------------------------------------------------------
     0 | D:1      | Ales, the Minotaur Berserker, began the quest for the Orb.
     0 | D:1      | Reached XP level 1. HP: 19/19 MP: 1/1
   143 | D:1      | Reached XP level 2. HP: 24/27 MP: 1/1
   195 | D:1      | Reached skill level 4 in Fighting
   204 | D:1      | Acquired Trog's second power
   773 | D:2      | Reached XP level 3. HP: 9/33 MP: 2/2
   777 | D:2      | Gained mutation: Your flesh is cold resistant. [potion of mutation]
   777 | D:2      | Gained mutation: You are clumsy. (Dex -2) [potion of mutation]
   777 | D:2      | Gained mutation: Your mind is acute. (Int +2) [potion of mutation]
   789 | D:2      | HP: 1/33 [poisoned by an adder]
   796 | D:2      | Succumbed to an adder's poison

Action                   || total
-------------------------++-------
Melee: Hand axe          ||    67
  Use: Scroll            ||     2
       Potion            ||     3
